Map: Blood Boil LE

Players

VortiX

  • Race: Zerg Zerg
  • Spawn Location: 5:00

souL - Winner!

  • Race: Terran Terran
  • Spawn Location: 11:00

Event: WCS Valencia 2017

VOD

Have the link to the VOD?

Description

Time

  • Played on: July 13, 2017, 7:39 a.m.
  • Length: 6:30

All games in this series

Show
View Real Time Build Order
Export as new Build Order

VortiX Zerg 

Build Orders: Hatch First, Roach Nydus 

Get SALT Encoding   

  12  0:00  Unknown, Drone  
  13  0:12  Overlord  
  13  0:17  Drone  
  14  0:31  Drone x2  
  14  0:34  Drone  
  17  0:53  Hatchery  
  17  0:55  Drone  
  17  0:58  Drone  
  18  1:09  Extractor  
  17  1:13  Spawning Pool  
  17  1:17  Drone  
  17  1:20  Drone  
  18  1:29  Drone  
  19  1:38  Overlord  
  19  2:00  Queen, Zergling x2  
  19  2:01  Zergling x2  
  23  2:04  Queen  
  23  2:05  Drone  
  26  2:15  Metabolic Boost  
  26  2:16  Drone  
  26  2:17  Drone  
  28  2:37  Queen  
  28  2:40  Queen  
  32  2:45  Drone x2, Overlord  
  33  2:59  Zergling x4  
  33  3:01  Overlord  
  35  3:06  Roach Warren  
  35  3:10  Zergling x4  
  33  3:26  Drone x3  
  33  3:27  Drone  
  37  3:34  Overlord  
  36  3:51  Roach x3  
  36  3:52  Roach  
  46  3:55  Roach  
  46  3:56  Extractor  
  44  4:05  Drone x3  
  45  4:16  Ravager x2  
  47  4:29  Lair  
  47  4:30  Drone x2  
  49  4:31  Drone  
  50  4:38  Drone  
  50  4:39  Drone  
  50  4:44  Ravager  
  52  4:47  Extractor, Drone  
  52  5:01  Drone  
  52  5:03  Drone  
  52  5:04  Drone x4  
  58  5:09  Overlord  
  56  5:29  Roach x3  
  56  5:30  Nydus Network  
  61  5:37  Roach x2  
  61  5:40  Roach  
  67  5:49  Overlord  
  67  5:55  Overlord  
  67  5:58  Extractor  
  67  5:59  Roach  
  65  6:12  Nydus Canal  
Show
View Real Time Build Order
Export as new Build Order

souL Terran - Winner!

Build Orders:  

Get SALT Encoding   

  12  0:00  Unknown, SCV  
  13  0:12  SCV  
  14  0:18  Supply Depot  
  14  0:24  SCV  
  15  0:30  Refinery  
  15  0:42  Barracks  
  15  0:46  SCV  
  16  0:58  SCV  
  17  1:05  Barracks  
  17  1:11  SCV  
  18  1:23  Barracks  
  18  1:30  Reaper  
  19  1:41  Orbital Command  
  19  1:52  Reaper  
  20  1:56  Supply Depot  
  20  1:58  Refinery  
  20  2:03  Reaper  
  21  2:10  Reaper  
  21  2:12  SCV  
  23  2:24  SCV  
  23  2:25  Reaper  
  25  2:32  Supply Depot  
  25  2:35  Reaper  
  26  2:43  SCV  
  27  2:45  Reaper  
  28  2:55  SCV  
  28  2:58  Reaper  
  30  3:10  Reaper  
  31  3:14  SCV  
  31  3:17  Command Center  
  32  3:26  SCV  
  34  3:30  Supply Depot  
  35  3:38  SCV  
  37  3:50  SCV  
  37  3:51  Barracks Reactor x2  
  35  3:59  Barracks Tech Lab  
  35  4:02  SCV  
  36  4:10  Command Center  
  36  4:14  SCV  
  37  4:18  Marine  
  37  4:19  Stimpack  
  38  4:26  SCV  
  38  4:32  Factory  
  38  4:33  Orbital Command  
  38  4:38  Marine, SCV  
  38  4:42  Marine x2  
  42  4:45  Marine  
  42  4:49  Marine  
  42  4:50  SCV  
  45  4:56  Marine  
  45  5:00  Marine  
  45  5:01  SCV  
  45  5:03  SCV  
  45  5:05  Marine  
  45  5:06  Marine  
  50  5:13  SCV  
  51  5:15  SCV  
  51  5:16  Starport, Factory Reactor  
  51  5:17  Marine  
  51  5:18  Marine  
  54  5:25  Orbital Command, SCV  
  54  5:26  Marine  
  56  5:28  Marine  
  59  5:37  Refinery  
  59  5:40  Engineering Bay  
  59  5:41  SCV  
  59  5:42  SCV, Engineering Bay  
  59  5:47  Marine  
  60  5:53  SCV  
  60  5:54  Orbital Command, SCV  
  62  6:02  Marine, Factory Tech Lab  
  62  6:03  Supply Depot  
  62  6:04  Marine  
  68  6:05  SCV  
  68  6:07  Marine  
  68  6:08  Marine  
  68  6:09  Marine  
Tags
 
Add a new tag
Caveats
  • Supply blocks, unpowered buildings, or Contaminate may cause inaccurate times.
  • Supply counts are checked every 10 seconds.